 Dungeon Sprint DCSS version 0.31.0-9-g3a7656b989 (webtiles) character file.

Game seed: 17998911926225120876

183 Heoruswealwe the Spear-Bearer (level 5, 0/52 HPs)
             Began as a Minotaur Fighter on Feb 2, 2024.
             Was an Initiate of Gozag.
             Slain by a yak (14 damage)
             ... in the Dungeon (Sprint IX: "|||||||||||||||||||||||||||||").
             The game lasted 00:00:52 (95 turns).

Heoruswealwe the Spear-Bearer (Minotaur Fighter)      Turns: 95, Time: 00:00:53

Health: 0/52       AC:  8    Str: 22    XL:     5   Next: 35%
Magic:  4/4        EV:  9    Int:  5    God:    Gozag
Gold:   0          SH:  4    Dex: 10    Spells: 4/4 levels left

rFire   . . .        a - +0 trident
rCold   . . .        d - +0 buckler
rNeg    . . .        c - +0 scale mail
rPois   .            (helmet restricted)
rElec   .            (no cloak)
rCorr   .            (no gloves)
SInv    .            (no boots)
Will    .....        (no amulet) Stlth
                     (no ring)
HPRegen 0.28/turn    (no ring)
MPRegen 0.09/turn

%: no teleportation
@: gold aura
A: horns 2, retaliatory headbutt
a: Renounce Religion, Potion Petition, Call Merchant, Bribe Branch


You were in the Dungeon.
You worshipped Gozag.
Gozag was noncommittal.
You visited 1 branch

Inventory:

Hand Weapons
 a - a +0 trident (weapon)
Armour
 c - a +0 scale mail (worn)
 d - a +0 buckler (worn)
Jewellery
 k - a +3 ring of intelligence
 l - a +3 ring of dexterity
Wands
 h - a wand of acid (10)
Scrolls
 j - 2 scrolls of blinking
Potions
 b - a potion of might
 e - 5 potions of curing
 f - 3 potions of heal wounds
 g - a potion of haste
 i - a potion of berserk rage


   Skills:
 + Level 7.5 Fighting
 * Level 9.7 Polearms
 + Level 7.5 Armour
 - Level 3.6 Shields


You had 4 spell levels left.
You didn't know any spells.
Your spell library was empty.

Dungeon Overview and Level Annotations

Branches:
Dungeon (1/1)

Altars:
Cheibriados
Dithmenos
Elyvilon
Fedhas
Gozag
Hepliaklqana
Kikubaaqudgha
Makhleb
Nemelex Xobeh
Okawaru
Qazlal
Ru
Sif Muna
Trog
Uskayaw
Vehumet
Wu Jian
Xom
Yredelemnul
Zin
The Shining One
Jiyva
Lugonu


Innate Abilities, Weirdness & Mutations

You have a pair of horns on your head.
You reflexively headbutt those who attack you in melee.


Message History

You closely miss the shadow.
The shadow is heavily damaged.
The shadow hits you.
You completely miss the shadow. Your headbutt misses the shadow.
The shadow is heavily damaged.
The shadow hits you!
You puncture the shadow!
The shadow is almost destroyed.
The shadow hits you.
You hit the shadow.
You destroy the shadow!
Your Fighting skill gained 2 levels and is now at level 7!
Your Polearms skill gained 3 levels and is now at level 9!
Your Armour skill gained 2 levels and is now at level 7!
You have reached level 4!
You feel agile.
You have reached level 5!
You hit the yak. You headbutt the yak!
The yak is moderately wounded.
The yak gores you.
You closely miss the yak. You headbutt the yak!
The yak is severely wounded.
The yak gores you!
* * * LOW HITPOINT WARNING * * *
You barely miss the yak.
The yak is severely wounded.
The yak gores you but does no damage.
You barely miss the yak.
The yak is severely wounded.
The yak completely misses you. You furiously retaliate!
You headbutt the yak. You hit the yak. Your headbutt misses the yak.
The yak is almost dead.
The yak closely misses you. You furiously retaliate!
You headbutt the yak. You hit the yak.
The yak is almost dead.
You barely miss the yak. You headbutt the yak, but do no damage.
The yak is almost dead.
The yak gores you!
You die...
Your body crumbles into a pile of gold. ▓▓▓▓▓▓▓▓▓▓▓▓▓▓▓▓▓▓▓▓▓▓▓▓ _______'!?).[[[.@YOzyk.. ▓▓▓▓▓▓▓▓▓▓▓▓▓▓▓▓▓▓▓▓▓▓▓▓

You could see a two-headed ogre, a yak, a hornet, a wyvern and a wight.

Vanquished Creatures
  A shadow (D)
  An iguana (D)
  A white imp (D)
  2 orcs (D)
  An endoplasm (D)
  A giant cockroach (D)
  A goblin (D)
  A jackal (D)
  2 kobolds (D)
11 creatures vanquished.

Notes
Turn   | Place    | Note
-------+----------+-------------------------------------------
     0 | D        | Heoruswealwe the Minotaur Fighter began the quest for the
                  | Orb.
     0 | D        | Reached XP level 1. HP: 19/19 MP: 0/0
     5 | D        | Reached skill level 3 in Polearms
    19 | D        | Noticed an iguana
    21 | D        | Killed an iguana
    22 | D        | Reached skill level 5 in Fighting
    22 | D        | Reached skill level 5 in Polearms
    22 | D        | Reached skill level 5 in Armour
    22 | D        | Reached XP level 2. HP: 28/29 MP: 1/1
    22 | D        | Reached XP level 3. HP: 34/36 MP: 2/2
    24 | D        | Reached skill level 6 in Polearms
    37 | D        | Found a snail-covered altar of Cheibriados.
    37 | D        | Found a shadowy altar of Dithmenos.
    37 | D        | Found a white marble altar of Elyvilon.
    37 | D        | Found a blossoming altar of Fedhas.
    37 | D        | Found an opulent altar of Gozag.
    38 | D        | Found a hazy altar of Hepliaklqana.
    39 | D        | Found a viscous altar of Jiyva.
    40 | D        | Found an ancient bone altar of Kikubaaqudgha.
    41 | D        | Found a corrupted altar of Lugonu.
    42 | D        | Found a burning altar of Makhleb.
    43 | D        | Found a sparkling altar of Nemelex Xobeh.
    44 | D        | Found an iron altar of Okawaru.
    45 | D        | Became a worshipper of Gozag Ym Sagoz the Greedy
    46 | D        | Found a stormy altar of Qazlal.
    47 | D        | Found a sacrificial altar of Ru.
    48 | D        | Found a shimmering blue altar of Sif Muna.
    49 | D        | Found a bloodstained altar of Trog.
    50 | D        | Found a hide-covered altar of Uskayaw.
    51 | D        | Found a radiant altar of Vehumet.
    52 | D        | Found an ornate altar of the Wu Jian Council.
    53 | D        | Found a shimmering altar of Xom.
    54 | D        | Found a basalt altar of Yredelemnul.
    55 | D        | Found a glowing silver altar of Zin.
    56 | D        | Found a glowing golden altar of the Shining One.
    81 | D        | Noticed a shadow
    81 | D        | Noticed a yak
    81 | D        | Noticed a wight
    81 | D        | Noticed a two-headed ogre
    81 | D        | Noticed a hornet
    81 | D        | Noticed a wyvern
    88 | D        | Killed a shadow
    89 | D        | Reached skill level 9 in Polearms
    89 | D        | Reached XP level 4. HP: 24/47 MP: 3/3
    89 | D        | Reached XP level 5. HP: 26/52 MP: 4/4
    95 | D        | Slain by a yak

Illustrated notes

Levels and vault maps discovered:
D:        linesprint [early_d, line_temple, items_1, d_10, items_2, lair_1,
          lair_end, items_3, orc_1, orc_end, items_4, d_15, swamp_1, shoals_1,
          snake_1, spider_1, d_20, vaults_1, items_5, swamp_end, shoals_end,
          snake_end, spider_end, vaults_end, d_27, items_6, zot_1, zot_end,
          crypt_end, forest_end, elf_end, slime_end, tomb_end, abyss_end,
          pan_hell_end]

Skill      XL: |  1  2  3 |
---------------+----------+-----
Polearms       | 5 9 |  9.7
Fighting       | 5 7 |  7.5
Armour         | 5 7 |  7.5
Shields        | |  3.6

Action                     |  1- 3 |  4- 6 || total
---------------------------+-------+-------++-------
  Melee: Trident           |    25 |     7 ||    32
         Headbutt          |     2 |     3 ||     5
 Armour: Scale mail        |    10 |     4 ||    14
  Dodge: Dodged            |     5 |     2 ||     7
  Block: Buckler           |     3 |       ||     3
